 Dungeon Sprint DCSS version 0.28.0-47-ge53b351184 (webtiles) character file.

Game seed: 14691192102699325096

76 GigaChad the Covered (level 4, 0/45 HPs)
             Began as a Minotaur Fighter on May 2, 2022.
             Was an Initiate of Ashenzari.
             Slain by a toenail golem (9 damage)
             ... in the Dungeon (Sprint V: "Ziggurat Sprint").
             The game lasted 00:06:27 (168 turns).

GigaChad the Covered (Minotaur Fighter)              Turns: 168, Time: 00:06:27

Health: 0/45       AC: 23    Str: 26    XL:     4   Next: 12%
Magic:  3/3        EV:  5    Int:  5    God:    Ashenzari [......]
Gold:   0          SH:  0    Dex: 18    Spells: 3/3 levels left

rFire   . . .      SeeInvis .   Q - +10 dark maul {vorpal}
rCold   . . .      Faith    .   (shield currently unavailable)
rNeg    . . .      Spirit   .   n - +5 crystal plate armour
rPois   .          Reflect  .   (helmet restricted)
rElec   .          Harm     .   (no cloak)
rCorr   .          Rampage  .   (no gloves)
Will    .....      NoTele   +   (no boots)
Stlth   ..........              (no amulet)
HPRegen 0.15/turn               E - +6 ring of dexterity
MPRegen 0.08/turn               I - +6 ring of strength

@: no status effects
A: horns 2, retaliatory headbutt
a: Renounce Religion


You were in the Dungeon.
You worshipped Ashenzari.
Ashenzari was noncommittal.
You visited 1 branch

Inventory:

Hand Weapons
 a - a +0 long sword
 P - the +14 obsidian axe {vorpal, Mesm Drain Fly SInv}
   (You found it in the Dungeon)

   It inflicts extra damage upon your enemies.
   It occasionally summons demons to assist the wielder when it strikes in
   combat.
   Its wielder is mesmerised by any visible foes.
   It cannot be unequipped while any foes are visible.
   SInv:      It lets you see invisible.
   Fly:       It grants you flight.
   Drain:     It drains your maximum health when unequipped.
 Q - the +10 dark maul (weapon) {vorpal}
   (You found it in the Dungeon)

   It inflicts extra damage upon your enemies.
 R - a +5 triple sword
 S - a +5 lajatang
 T - the +7 Singing Sword {vorpal, sonic wave}
   (You found it in the Dungeon)

   It inflicts extra damage upon your enemies.
   It radiates damaging sonic waves as it strikes, especially in combat
   involving dangerous or numerous foes.
 U - the +7 great mace "Firestarter" {inner flame, rF++}
   (You found it in the Dungeon)

   It burns those it strikes, dealing additional fire damage.
   It fills those it strikes with an explosive inner flame.
   It grants immunity to clouds of flame.
   rF:        It greatly protects you from fire.
 V - the +8 lance "Wyrmbane" {slay drac, rPois rF+ rC+ AC+3}
   (You found it in the Dungeon)

   It inflicts extra damage against dragons and draconians.
   AC:        It affects your AC (+3).
   rF:        It protects you from fire.
   rC:        It protects you from cold.
   rPois:     It protects you from poison.
 W - the +7 mace of Variability {chain chaos}
   (You found it in the Dungeon)

   Each time it hits an enemy it has a different, random effect.
   It occasionally unleashes arcs of chaos on nearby creatures upon striking a
   foe.
 X - the +11 plutonium sword {Contam Stlth-}
   (You found it in the Dungeon)

   It occasionally inflicts wild transmutation effects on those it strikes,
   inflicting malmutation or extra damage, or polymorphing them into a new form.
   Contam:    It causes magical contamination when unequipped.
   Stlth:     It makes you less stealthy.
 Y - the +13 scythe of Curses {drain, Drain}
   (You found it in the Dungeon)

   A truly terrible weapon, it drains the life of any living foe it strikes.
   It inflicts powerful necromantic curses on any living foe it strikes.
   Drain:     It drains your maximum health when unequipped.
 Z - the +6 shillelagh "Devastator" {shatter}
   (You found it in the Dungeon)

   It releases a powerful concussive burst when it strikes, dealing extra damage
   to the target and all other foes adjacent to them.
Armour
 b - a +0 scale mail
 c - a +0 buckler
 k - a +3 buckler
 l - a +3 kite shield
 m - a +3 tower shield
 n - a +5 crystal plate armour (worn)
 o - +5 fire dragon scales
 p - +5 gold dragon scales
 q - +5 ice dragon scales
 r - a +5 plate armour
 s - +5 shadow dragon scales
 t - +5 storm dragon scales
 O - the +15 Maxwell's patent armour {-Cast -Tele rElec Will+ rCorr}
   (You found it in the Dungeon)

   rElec:     It insulates you from electricity.
   -Cast:     It prevents spellcasting.
   -Tele:     It prevents most forms of teleportation.
   rCorr:     It protects you from acid and corrosion.
   Will:      It increases your willpower.
Jewellery
 D - a ring of flight
 E - a +6 ring of dexterity (left hand)
 F - a +6 ring of dexterity
 G - a +6 ring of intelligence
 H - a +6 ring of intelligence
 I - a +6 ring of strength (right hand)
 J - a +6 ring of strength
Wands
 L - a wand of mindburst (7)
 M - a wand of iceblast (7)
 N - a wand of acid (7)
Scrolls
 j - 4 scrolls of blinking
 y - 4 scrolls of amnesia
 z - 7 scrolls of fog
 A - a scroll of holy word
 B - 5 scrolls of identify
 C - 2 scrolls of fear
Potions
 d - 6 potions of might
 e - 10 potions of curing
 f - 10 potions of heal wounds
 g - 6 potions of haste
 h - 7 potions of magic
 i - 3 potions of berserk rage
 u - 2 potions of brilliance
 v - 2 potions of invisibility
 w - 4 potions of resistance
 x - a potion of experience
Miscellaneous
 K - a lightning rod (4/4)


   Skills:
 + Level 6.4 Fighting
 + Level 3.4 Long Blades
 + Level 1.0 Maces & Flails
 + Level 6.6 Armour
 + Level 6.2 Shields


You had 3 spell levels left.
You didn't know any spells.
Your spell library contained the following spells:

 Spells                   Type           Power      Damage    Failure   Level
 Pain                     Necr           0%         1d4       100%        1
 Passwall                 Tmut/Erth      0%         N/A       100%        2
 Sublimation of Blood     Necr           0%         N/A       100%        2
 Death Channel            Necr           0%         N/A       100%        6
 Death's Door             Necr           0%         N/A       100%        9


Dungeon Overview and Level Annotations

Branches:
Dungeon (1/1)

Altars:
Ashenzari
Cheibriados
Dithmenos
Elyvilon
Fedhas
Gozag
Hepliaklqana
Kikubaaqudgha
Makhleb
Nemelex Xobeh
Okawaru
Qazlal
Ru
Sif Muna
Trog
Uskayaw
Vehumet
Wu Jian
Xom
Yredelemnul
Zin
The Shining One
Beogh
Jiyva
Lugonu

Annotations:
D 1 transporter


Innate Abilities, Weirdness & Mutations

You have a pair of horns on your head.
You reflexively headbutt those who attack you in melee.


Message History

You have reached level 4!
You feel agile. The adder zombie barely misses you.
The adder zombie bites you but does no damage.
You barely miss the adder zombie. You headbutt the adder zombie!
The adder zombie is heavily damaged.
The adder zombie bites you but does no damage. x3
You barely miss the adder zombie.
The adder zombie is heavily damaged.
The adder zombie bites you but does no damage. x2
The adder zombie barely misses you.
You closely miss the adder zombie.
The adder zombie is heavily damaged.
The adder zombie bites you but does no damage. x3
You beat the adder zombie like a drum!!!!
You destroy the adder zombie!
You pick up Reajogint's Almanac of Dark Clay and begin reading...
You add the spells Pain, Sublimation of Blood, Passwall, Death Channel and Death's Door to your library.
You see here the +7 spear "Beclot Kouga" {holy, Will+}.
There is a transporter here.
You see here the +7 spear "Beclot Kouga" {holy, Will+}.
There is a transporter here.
Welcome to arena 2.
You enter the transporter and appear at another place. 3 toenail golems come into view.
Found a staff of earth, an amulet of the acrobat and a phantom mirror.
Found a transporter.
The toenail golem hits you but does no damage.
The toenail golem barely misses you. The toenail golem hits you.
You crush the toenail golem like a grape!!!
The toenail golem is almost destroyed.
The toenail golem hits you. x4
The toenail golem hits you but does no damage. x4
The toenail golem hits you!
You sock the toenail golem!
You destroy the toenail golem!
The toenail golem hits you!
* * * LOW HITPOINT WARNING * * *
The toenail golem hits you!
You die...

▓▓▓▓▓▓▓▓▓▓▓▓▓
▓.8©8.▓.8©8.▓
▓.}|".▓.....▓
▓.....▓...).▓
▓.9.9.▓.....▓
▓..@..▓.....▓
▓.....▓..©..▓
▓..©..▓▓▓▓▓▓▓
▓▓▓▓▓▓▓


You could see 2 toenail golems.

Vanquished Creatures
  A toenail golem (D)
  A phantom (D)
  An adder zombie (D)
3 creatures vanquished.

Notes
Turn   | Place    | Note
-------+----------+-------------------------------------------
     0 | D        | GigaChad the Minotaur Fighter began the quest for the Orb.
     0 | D        | Reached XP level 1. HP: 19/19 MP: 0/0
     8 | D        | Became a worshipper of Ashenzari the Shackled
    15 | D        | Found a blossoming altar of Fedhas.
    15 | D        | Found the +6 Majin-Bo {vamp, MP+6 Int+6}
    15 | D        | Found the +9 heavy crossbow "Sniper" {vorpal, Acc+∞ SInv}
    15 | D        | Found the +10 dark maul {vorpal}
    15 | D        | Found the +15 Maxwell's patent armour {-Cast -Tele rElec
                  | Will+ rCorr}
    15 | D        | Found the +18 shield of the Gong {rElec rN+ Will+ EV-5}
    15 | D        | Found the +14 obsidian axe {vorpal, Mesm Drain Fly SInv}
    15 | D        | Found the +7 great mace "Firestarter" {inner flame, rF++}
    15 | D        | Found the +6 shillelagh "Devastator" {shatter}
    15 | D        | Found the +11 plutonium sword {Contam Stlth-}
    15 | D        | Found the +8 lance "Wyrmbane" {slay drac, rPois rF+ rC+
                  | AC+3}
    15 | D        | Found the +9 sword of Zonguldrok {reap}
    15 | D        | Found the +13 scythe of Curses {drain, Drain}
    15 | D        | Found the +5 sword of Power {vorpal}
    15 | D        | Found the +7 mace of Variability {chain chaos}
    15 | D        | Found the +7 Singing Sword {vorpal, sonic wave}
    15 | D        | Found the +8 storm bow {elec, penet}
    16 | D        | Found a viscous altar of Jiyva.
    16 | D        | Found a hazy altar of Hepliaklqana.
    16 | D        | Found a transporter.
    16 | D        | Found an opulent altar of Gozag.
    16 | D        | Found an ancient bone altar of Kikubaaqudgha.
    16 | D        | Found a corrupted altar of Lugonu.
    26 | D        | Found a shimmering blue altar of Sif Muna.
    26 | D        | Found a sacrificial altar of Ru.
    26 | D        | Found a bloodstained altar of Trog.
    26 | D        | Found a stormy altar of Qazlal.
    26 | D        | Found an iron altar of Okawaru.
    26 | D        | Found a sparkling altar of Nemelex Xobeh.
    28 | D        | Found a burning altar of Makhleb.
   138 | D        | Entered arena 2.
   138 | D        | Noticed a phantom
   138 | D        | Found a transporter.
   141 | D        | Killed a phantom
   142 | D        | Reached skill level 1 in Maces & Flails
   142 | D        | Reached XP level 2. HP: 25/31 MP: 1/1
   142 | D        | Reached XP level 3. HP: 31/38 MP: 2/2
   142 | D        | Reached XP level 4. HP: 37/45 MP: 3/3
   151 | D        | Got Reajogint's Almanac of Dark Clay
   164 | D        | Entered arena 3.
   164 | D        | Noticed a toenail golem
   164 | D        | Noticed a toenail golem
   164 | D        | Noticed a toenail golem
   164 | D        | Found a transporter.
   168 | D        | Killed a toenail golem
   168 | D        | Slain by a toenail golem

Illustrated notes

Levels and vault maps discovered:
D:        sprint_v [room_start, room_1, room_2, room_3, room_4, room_5, room_6,
          room_7, room_8, room_9, room_10, room_11, room_12, room_13, room_14,
          room_15, room_16, room_17, room_18, room_19, room_20, room_21,
          room_22, room_23, room_24, room_25, room_26, room_27]

Skill      XL: |  1 |
---------------+----+-----
Fighting       | 6 |  6.4
Long Blades    | 3 |  3.4
Maces & Flails | 1 |  1.0
Armour         | 6 |  6.6
Shields        | 6 |  6.2

Action                   |  1- 3 |  4- 6 || total
-------------------------+-------+-------++-------
Melee: Maul              |     2 |     6 ||     8
       Headbutt          |       |     1 ||     1
Armor: Crystal plate arm |     8 |    14 ||    22
Dodge: Dodged            |     1 |     3 ||     4
